 Dungeon Crawl Stone Soup version 0.22.1-1-ga44c0e56f4 (webtiles) character file.

733 Kniotic the Ruffian (level 7, -1/51 HPs)
             Began as a Demigod Transmuter on Oct 26, 2018.
             Slain by a worker ant (7 damage)
             ... on level 5 of the Dungeon on Oct 27, 2018.
             The game lasted 00:11:19 (5075 turns).

Kniotic the Ruffian (Demigod Transmuter)            Turns: 5075, Time: 00:11:20

Health: -1/51      AC:  7    Str: 17    XL:     7   Next: 21%
Magic:  10/15      EV: 11    Int: 17    God:
Gold:   218        SH:  0    Dex: 16    Spells: 10/13 levels left

rFire    . . .     SeeInvis +     - Unarmed
rCold    + . .     Gourm    .   (no shield)
rNeg     . . .     Faith    .   b - +0 robe
rPois    .         Spirit   .   o - +2 helmet {SInv}
rElec    .         Reflect  .   (no cloak)
rCorr    .         Harm     .   (no gloves)
MR       .....                  s - +1 pair of boots
Stlth    +.........             (no amulet)
HPRegen  0.17/turn              g - ring of protection from cold
MPRegen  0.14/turn              (no ring)

@: heavily drained
A: high mp 1
a: no special abilities


You were on level 5 of the Dungeon.
You were very hungry.

You visited 1 branch of the dungeon, and saw 5 of its levels.
You also visited: Sewer.

You collected 218 gold pieces.

Inventory:

Missiles
 a - 69 arrows
Armour
 b - a +0 robe (worn)
 o - a +2 helmet of see invisible (worn)
 s - a +1 pair of boots (worn)
Jewellery
 g - a ring of protection from cold (left hand)
 j - an uncursed ring of protection from magic {unknown}
 p - an uncursed ring of ice
Scrolls
 c - 2 scrolls of fear {unknown}
 e - a scroll of teleportation {unknown}
 h - 7 scrolls of remove curse
 l - a scroll of enchant weapon {unknown}
 m - 2 scrolls of amnesia {unknown}
 n - a scroll of blinking {unknown}
Potions
 f - 2 potions of agility
 i - 5 potions of curing
 k - 2 potions of mutation
 q - a potion of haste {unknown}
 r - a potion of brilliance
Comestibles
 d - 11 rations


   Skills:
 - Level 0.8(0.0) Fighting
 - Level 1.7(0.3) Dodging
 - Level 1.4(0.0) Stealth
 * Level 7.1(5.4) Unarmed Combat
 + Level 3.5(1.9) Spellcasting
 - Level 1.7(0.3) Transmutations


You had 10 spell levels left.
You knew the following spells:

 Your Spells              Type           Power        Failure   Level  Hunger
a - Beastly Appendage     Tmut           #.....       17%         1    #......
b - Sticks to Snakes      Tmut           #.......     26%         2    ###....

Your spell library contained the following spells:

 Spells                   Type           Power        Failure   Level  Hunger
 Spider Form              Tmut/Pois      #.........   50%         3    ###....
 Ice Form                 Ice/Tmut       #.......     88%         4    #####..
 Blade Hands              Tmut           #.........   99%         5    ######.


Dungeon Overview and Level Annotations

Branches:
Dungeon (5/15)
 Temple: D:4-7

Annotations:
D:5 Edmund


Innate Abilities, Weirdness & Mutations

You have an increased reservoir of magic. (+10% MP)


Message History

Your adder poisons the worker ant!
The worker ant bites your adder!
Your adder bites the worker ant but does no damage.
The crimson imp shouts, "Slither home, thou paunchy fly-bitten pimple!"
The worker ant closely misses your adder.
Your adder misses the worker ant.
Your adder barely misses the worker ant.
The worker ant bites your adder.
Your adder dies!
The worker ant looks more healthy.
You are feeling very hungry.
The worker ant misses you.
Your magical contamination has completely faded away.
The worker ant bites you.
* * * LOW HITPOINT WARNING * * *
The crimson imp blinks!
Casting: Sticks to Snakes (safe; 26% risk of failure)
Confirm with . or Enter, or press ? or * to list all spells.
You create a snake!
You now have 69 arrows.
The worker ant bites you!
You die...

###########
####.........#
#######
####.##.#######.#
.a....# #.@.S.#.#
####.### #####.#
#a##.##.####.##.##.
#a#
##.##........<......
#.#
##...####.##......##.
#.# #..@..#
#.###...#.### #####.#
#..5..# #.........###
>..a..# #.....#
######.#####. s######
##...## #.# #. S#
##.## ##+# #.


You could see Edmund, a worker ant, a crimson imp and a friendly ball python.

Vanquished Creatures
  Sigmund (D:4)
  An ogre (D:4)
  A scorpion (D:4)
  A crimson imp (D:5)
  A hound (D:4)
  An orc wizard (D:3)
  A worker ant (D:4)
  A hound zombie (D:5)
  11 adders
  An ooze (D:2)
  An adder zombie (D:5)
  2 worms (D:2)
  5 dart slugs
  2 leopard geckos (D:4)
  9 orcs
  A ball python (D:1)
  6 giant cockroaches
  11 goblins
  8 hobgoblins
  18 jackals
  A quokka (D:4)
  6 bats
  2 frilled lizards
  10 kobolds
  5 rats
107 creatures vanquished.

Vanquished Creatures (collateral kills)
  Purgy (Sewer)
  A giant cockroach (D:5)
2 creatures vanquished.

Grand Total: 109 creatures vanquished

Notes
Turn   | Place    | Note
-------+----------+-------------------------------------------
     0 | D:1      | Kniotic the Demigod Transmuter began the quest for the Orb.
     0 | D:1      | Reached XP level 1. HP: 15/15 MP: 5/5
   149 | D:1      | Reached skill level 3 in Unarmed Combat
   452 | D:1      | Reached XP level 2. HP: 16/22 MP: 5/7
  1102 | D:2      | Reached XP level 3. HP: 13/27 MP: 6/8
  1152 | D:2      | Reached skill level 4 in Unarmed Combat
  1427 | D:2      | Learned a level 2 spell: Sticks to Snakes
  1680 | D:2      | Found a blossoming altar of Fedhas.
  1680 | D:2      | Found an ancient bone altar of Kikubaaqudgha.
  1937 | D:2      | Reached XP level 4. HP: 30/34 MP: 9/9
  2444 | D:3      | Reached skill level 1 in Stealth
  2490 | D:3      | Found a glowing drain.
  2580 | Sewer    | Entered a sewer
  2654 | Sewer    | Noticed Purgy
  2672 | Sewer    | Killed Purgy
  2672 | Sewer    | Reached skill level 5 in Unarmed Combat
  2672 | Sewer    | Reached XP level 5. HP: 8/39 MP: 3/11
  3066 | D:3      | Found a glowing golden altar of the Shining One.
  3101 | D:3      | Found a hide-covered altar of Uskayaw.
  3217 | D:3      | Found a hazy altar of Hepliaklqana.
  3469 | D:3      | Found a deep blue altar of Sif Muna.
  3518 | D:4      | Reached XP level 6. HP: 31/46 MP: 10/12
  3544 | D:4      | HP: 1/46 [ogre/giant club (11)]
  3995 | D:4      | Reached skill level 6 in Unarmed Combat
  4351 | D:4      | Noticed Sigmund
  4368 | D:4      | Killed Sigmund
  4368 | D:4      | Reached XP level 7. HP: 37/51 MP: 11/15
  4474 | D:4      | Reached skill level 7 in Unarmed Combat
  4779 | D:5      | Entered Level 5 of the Dungeon
  5003 | D:5      | Noticed Edmund
  5075 | D:5      | Slain by a worker ant

Skill      XL: |  1  2  3  4  5  6  7 |
---------------+----------------------+-----
Unarmed Combat | 3 4 5 6 7 |  7.1
Spellcasting   | 2 3 |  3.5
Stealth        | 1 |  1.4
Fighting       | |  0.8
Dodging        | |  1.7
Transmutations | |  1.7

Action                   |  1- 3 |  4- 6 |  7- 9 || total
-------------------------+-------+-------+-------++-------
Melee: Unarmed           |   138 |   202 |    36 ||   376
       Kick              |     9 |    27 |       ||    36
       Headbutt          |     4 |       |       ||     4
       Punch             |       |     7 |     2 ||     9
 Cast: Beastly Appendage |    12 |    14 |       ||    26
       Sticks to Snakes  |     2 |    12 |     4 ||    18
  Use: Potion            |       |     1 |       ||     1
       Scroll            |       |     7 |       ||     7
 Stab: Sleeping          |     5 |     6 |     2 ||    13
       Distracted        |       |     1 |       ||     1
  Eat: Chunk             |     4 |     8 |     2 ||    14
Armor: Robe              |    23 |    58 |     6 ||    87
Dodge: Dodged            |    66 |   161 |    22 ||   249
